[Event "Schack-SM 2022: Mastarklassen"]
[Site "Fyrishov, Idrottsgatan 2, Uppsala, Sweden"]
[Date "2022.07.08"]
[Round "7.5"]
[White "Johansson, Thomas"]
[Black "Lundberg, David"]
[Result "1/2-1/2"]
[TimeControl "90 minutes for 40 moves + 30 minutes for the rest of the game + 30 seconds per move from move one."]
[WhiteFideId "1708244"]
[BlackFideId "1707051"]
[WhiteElo "2231"]
[BlackElo "2219"]

1. d4 d5 2. Nf3 Nf6 3. c4 e6 4. e3 Be7 5. Bd3 O-O 6. O-O b6 7. b3 Bb7 8. Bb2 c5 9. Nc3 cxd4 10.
exd4 Nc6 11. Qe2 Nb4 12. Bb1 Rc8 13. Ne5 Qd6 14. Re1 a6 15. Nd1 Rfd8 16. Ne3 Bf8 17. Qf3 Qc7 18. Qh3 h6 19.
f3 dxc4 20. bxc4 b5 21. a3 Nc6 22. Nxc6 Qxc6 23. d5 exd5 24. cxd5 Nxd5 25. Qf5 g6 26. Qe5 Nc3 27. Be4 Qc5 28.
Qxc5 Rxc5 29. Bxb7 Rd2 30. Bxc3 Rxc3 31. Nf1 Rb2 32. f4 a5 33. a4 bxa4 34. Bd5 a3 35. Kh1 Bd6 36. Ne3 Rd2 37. Ba2 Bc5 38. Nd5 Rcc2 39. Bb3 Rb2 40. Nf6+ Kg7 41.
Ne4 Rxg2 42. Nxc5 Rxh2+ 43. Kg1 Rbg2+ 44. Kf1 Rf2+ 45. Kg1 Rfg2+ 46. Kf1 1/2-1/2

[Event "Schack-SM 2022: Mastarklassen"]
[Site "Fyrishov, Idrottsgatan 2, Uppsala, Sweden"]
[Date "2022.07.07"]
[Round "6.1"]
[White "Crevatin, Leo"]
[Black "Lind, Jan-Olov"]
[Result "1/2-1/2"]
[TimeControl "90 minutes for 40 moves + 30 minutes for the rest of the game + 30 seconds per move from move one."]
[WhiteTitle "CM"]
[WhiteFideId "1726307"]
[BlackFideId "1701193"]
[WhiteElo "2259"]
[BlackElo "2173"]

1. d4 Nf6 2. c4 g6 3. Nc3 Bg7 4. e4 d6 5. f3 O-O 6. Be3 c5 7. dxc5 dxc5 8. Qxd8 Rxd8 9. Bxc5 Nc6 10.
Be3 Be6 11. Rc1 Nd7 12. f4 Bxc3+ 13. Rxc3 Nf6 14. Bd3 Ng4 15. Bc5 b6 16. Ba3 Ne3 17. g3 f5 18. Be2 Ng4 19. e5 Rac8 20.
h3 Nh6 21. Nf3 Nf7 22. b3 Kf8 23. Rd3 g5 24. Kf2 gxf4 25. gxf4 Rxd3 26. Bxd3 a5 27. Ke3 Ra8 28. Nd4 Nxd4 29.
Kxd4 Nd8 30. Bc1 Nc6+ 31. Kc3 Kf7 32. Rg1 Nb4 33. Bb1 Rc8 34. a3 Na6 35. Rg5 h6 36. Rg1 a4 37. b4 Rxc4+ 38. Kb2 Nc7 39. Bd3 Rd4 40. Be2 Nd5 41. Rd1 Rxd1 1/2-1/2

[Event "Schack-SM 2022: Mastarklassen"]
[Site "Fyrishov, Idrottsgatan 2, Uppsala, Sweden"]
[Date "2022.07.07"]
[Round "6.2"]
[White "Eriksson, Dan"]
[Black "Johnson, Daniel"]
[Result "1-0"]
[TimeControl "90 minutes for 40 moves + 30 minutes for the rest of the game + 30 seconds per move from move one."]
[WhiteFideId "1710095"]
[BlackFideId "1721283"]
[WhiteElo "2246"]
[BlackElo "2191"]

1. e4 e5 2. Nf3 Nc6 3. d4 exd4 4. Nxd4 Nf6 5. Nc3 Bb4 6. Nxc6 bxc6 7. Bd3 O-O 8. O-O d5 9. Bd2 Rb8 10.
Re1 Bg4 11. Qc1 Re8 12. a3 Bxc3 13. Bxc3 dxe4 14. Bc4 Nd5 15. Bd4 Re6 16. Bxa7 Ra8 17. Bd4 Rg6 18. Bf1 Qh4 19. c4 Bf3 20.
Be5 e3 21. Bg3 Rxg3 22. fxg3 Qd4 23. Kh1 Re8 24. gxf3 Nf6 25. Qc3 Qc5 26. b4 Qa7 27. Rad1 1-0

[Event "Schack-SM 2022: Mastarklassen"]
[Site "Fyrishov, Idrottsgatan 2, Uppsala, Sweden"]
[Date "2022.07.07"]
[Round "6.3"]
[White "Malmstig, Erik"]
[Black "Jogstad, Daniel"]
[Result "1/2-1/2"]
[TimeControl "90 minutes for 40 moves + 30 minutes for the rest of the game + 30 seconds per move from move one."]
[WhiteTitle "FM"]
[BlackTitle "CM"]
[WhiteFideId "1702866"]
[BlackFideId "1718959"]
[WhiteElo "2204"]
[BlackElo "2057"]

1. d4 Nf6 2. c4 g6 3. Nc3 Bg7 4. Bg5 h6 5. Bd2 O-O 6. Qc1 e5 7. dxe5 Ng4 8. Nf3 Nc6 9. e4 Ncxe5 10. Be2 Kh7 11. h4 d6 12. Nxe5 Nxe5 13. h5 g5 14. Qc2 Be6 15. Nd5 c6 16. Ne3 b5 17. cxb5 cxb5 18. O-O Rc8 19.
Qd1 Nc4 20. Nxc4 bxc4 21. Qc2 Be5 22. Bc3 g4 23. Bxe5 dxe5 24. Qc3 Qg5 25. Qa5 Rfd8 26. Rad1 Rxd1 27. Rxd1 g3 28. Qxa7 c3 29.
bxc3 Rxc3 30. fxg3 Rc2 31. Qf2 Rxa2 32. Qf3 Rxe2 33. Qxe2 Bg4 34. Qd2 Bxd1 35. Qxd1 Qe3+ 36. Kf1 Qxe4 37.
Qf3 Qb1+ 38. Kf2 Qb6+ 39. Ke2 Qe6 40. Qe4+ Kg7 41. Kf2 Kf6 42. Qh4+ Kg7 43. Qe4 Qf6+ 44. Ke2 Qa6+ 45. Kf3 Qf1+ 46.
Kg4 Qd1+ 47. Qf3 Qxf3+ 48. gxf3 Kf6 49. Kh4 Ke6 50. g4 f6 51. Kg3 f5 52. f4 fxg4 53. fxe5 Kxe5 1/2-1/2

[Event "Schack-SM 2022: Mastarklassen"]
[Site "Fyrishov, Idrottsgatan 2, Uppsala, Sweden"]
[Date "2022.07.07"]
[Round "6.4"]
[White "Landgren, Andreas"]
[Black "Eriksson, Jorgen"]
[Result "1-0"]
[TimeControl "90 minutes for 40 moves + 30 minutes for the rest of the game + 30 seconds per move from move one."]
[WhiteTitle "FM"]
[WhiteFideId "1704311"]
[BlackFideId "1701967"]
[WhiteElo "2224"]
[BlackElo "2200"]

1. e4 c6 2. d4 d5 3. e5 Bf5 4. h4 h5 5. Bd3 Bxd3 6. Qxd3 e6 7. Bg5 Qb6 8. Nd2 c5 9. c4 Qxb2 10.
Rd1 Qxa2 11. Ngf3 Nc6 12. O-O Nb4 13. Qe2 Nh6 14. Ra1 Qc2 15. cxd5 Qd3 16. Qxd3 Nxd3 17. d6 Nf5 18. Ra3 Nb4 19.
dxc5 f6 20. exf6 Nc6 21. Nc4 gxf6 22. Bxf6 Bg7 23. Bxg7 Nxg7 24. Rb1 Rb8 25. Nce5 O-O 26. Nxc6 bxc6 27. Rxb8 Rxb8 28. Rxa7 1-0

[Event "Schack-SM 2022: Mastarklassen"]
[Site "Fyrishov, Idrottsgatan 2, Uppsala, Sweden"]
[Date "2022.07.07"]
[Round "6.5"]
[White "Mardell, Jimmy"]
[Black "Johansson, Thomas"]
[Result "0-1"]
[TimeControl "90 minutes for 40 moves + 30 minutes for the rest of the game + 30 seconds per move from move one."]
[WhiteFideId "1705610"]
[BlackFideId "1708244"]
[WhiteElo "2161"]
[BlackElo "2231"]

1. d4 Nf6 2. c4 g6 3. f3 Bg7 4. e4 d6 5. Nc3 O-O 6. Be3 c5 7. Nge2 Nc6 8. d5 Na5 9. Nc1 a6 10.
a4 e6 11. Be2 exd5 12. cxd5 Nd7 13. O-O Ne5 14. Nb3 Nec4 15. Bc1 Nxb3 16. Qxb3 Na5 17. Qc2 f5 18. Be3 Qb6 19. Rab1 Bd4 20.
Qd3 Bxe3+ 21. Qxe3 f4 22. Qf2 Qb4 23. Rfd1 Bd7 24. e5 dxe5 25. Ne4 Bf5 26. Rbc1 Bxe4 27. fxe4 c4 28. Bg4 Qd6 29.
Qe1 b6 30. Qc3 Ra7 31. Rf1 Rc7 32. g3 g5 33. Be6+ Kh8 34. Rc2 Nb3 35. gxf4 gxf4 36. Rg2 Nd4 37. Kh1 Nxe6 38. dxe6 Qxe6 39.
Rg5 Re7 40. Rd1 f3 41. Rf1 h6 42. Rg3 f2 43. Qe3 Ref7 44. Qe2 Kh7 45. Rg2 b5 46. axb5 axb5 47. Rgxf2 Rxf2 48. Rxf2 Rf4 49.
Qe3 Qg4 50. h3 Qd1+ 51. Kh2 Rxf2+ 52. Qxf2 Qd7 53. Qf6 Qd2+ 54. Kg1 Qg5+ 55. Qxg5 hxg5 56. Kf2 b4 57. Ke3 Kg6 0-1

[Event "Schack-SM 2022: Mastarklassen"]
[Site "Fyrishov, Idrottsgatan 2, Uppsala, Sweden"]
[Date "2022.07.07"]
[Round "6.6"]
[White "Sundin, Emanuel"]
[Black "Pettersson, Tobias"]
[Result "0-1"]
[TimeControl "90 minutes for 40 moves + 30 minutes for the rest of the game + 30 seconds per move from move one."]
[WhiteFideId "1719173"]
[BlackFideId "1705962"]
[WhiteElo "2160"]
[BlackElo "2027"]

1. d4 d6 2. c4 g6 3. Nc3 Bg7 4. e4 Nf6 5. Be2 O-O 6. Be3 e5 7. d5 Na6 8. h4 Nc5 9. Qc2 Ng4 10. Bxg4 Bxg4 11. f3 Bd7 12.
g4 f5 13. gxf5 gxf5 14. O-O-O fxe4 15. fxe4 Bg4 16. Nge2 Kh8 17. Rdg1 Qd7 18. h5 Rg8 19. Ng3 Raf8 20. b4 Na6 21.
a3 c5 22. b5 Nc7 23. Rh2 a6 24. a4 axb5 25. axb5 Na8 26. Na4 Nc7 27. Qd2 Rf3 28. Kc2 Ra8 29. Nc3 Ne8 30. Nh1 Nf6 31.
h6 Bf8 32. Nf2 Be7 33. Kb3 Rg8 34. Bg5 Nxd5 35. Nxg4 Nxc3 36. Bf6+ Bxf6 37. Nxf6 Nxe4+ 38. Kb2 Rxg1 39. Nxd7 Nxd2 40. Rxd2 e4 41. Kc2 e3 42. Rxd6 e2 43. Ne5 e1=Q 44.
Nxf3 Qe4+ 45. Rd3 Qxc4+ 46. Kd2 Rd1+ 0-1

[Event "Schack-SM 2022: Mastarklassen"]
[Site "Fyrishov, Idrottsgatan 2, Uppsala, Sweden"]
[Date "2022.07.07"]
[Round "6.7"]
[White "Strom-Engdahl, Alexander"]
[Black "Styf, Josef"]
[Result "1/2-1/2"]
[TimeControl "90 minutes for 40 moves + 30 minutes for the rest of the game + 30 seconds per move from move one."]
[WhiteFideId "1741586"]
[BlackFideId "1708279"]
[WhiteElo "2077"]
[BlackElo "2048"]

1. d4 Nf6 2. Bf4 d6 3. Nc3 Nbd7 4. e4 e5 5. Be3 Be7 6. f3 O-O 7. Nge2 c6 8. Ng3 d5 9. Be2 dxe4 10.
fxe4 exd4 11. Bxd4 Nc5 12. O-O b5 13. a3 Be6 14. Be3 a5 15. Qxd8 Rfxd8 16. Bf3 Ng4 17. Bxg4 Bxg4 18. Nf5 1/2-1/2

[Event "Schack-SM 2022: Mastarklassen"]
[Site "Fyrishov, Idrottsgatan 2, Uppsala, Sweden"]
[Date "2022.07.07"]
[Round "6.8"]
[White "Hammarstrom, Ulf"]
[Black "Joensson, Jacob"]
[Result "1/2-1/2"]
[TimeControl "90 minutes for 40 moves + 30 minutes for the rest of the game + 30 seconds per move from move one."]
[WhiteFideId "1710214"]
[BlackFideId "1726315"]
[WhiteElo "2233"]
[BlackElo "1947"]

1. c4 e6 2. g3 d5 3. Bg2 Nf6 4. Nf3 Be7 5. O-O O-O 6. d4 c6 7. Nc3 b6 8. Ne5 Bb7 9. e4 Na6 10.
Be3 Nc7 11. a3 Nd7 12. Nxd7 Qxd7 13. cxd5 cxd5 14. e5 Ba6 15. Re1 Rfc8 16. Qg4 Bd3 17. Rec1 Qe8 18. Qd1 Bg6 19. Bf1 Rab8 20.
h4 h6 21. a4 a6 22. Qb3 b5 23. axb5 Nxb5 24. Nxb5 Rxc1 25. Rxc1 axb5 26. Qc3 Bf8 27. Qc6 Qxc6 28. Rxc6 Bb4 29.
Bc1 Bb1 30. Be2 Ba2 31. Kf1 Bc4 32. Bxc4 bxc4 33. Ke2 h5 1/2-1/2

[Event "Schack-SM 2022: Mastarklassen"]
[Site "Fyrishov, Idrottsgatan 2, Uppsala, Sweden"]
[Date "2022.07.07"]
[Round "6.9"]
[White "Dingertz, Erik"]
[Black "Tiger-Norqvist, Axel"]
[Result "0-1"]
[TimeControl "90 minutes for 40 moves + 30 minutes for the rest of the game + 30 seconds per move from move one."]
[WhiteFideId "1741578"]
[BlackFideId "1716816"]
[WhiteElo "2021"]
[BlackElo "2239"]

1. c4 Nf6 2. g3 g6 3. Bg2 Bg7 4. Nc3 O-O 5. Rb1 a5 6. a3 d6 7. b4 axb4 8. axb4 e5 9. d3 h6 10.
Nf3 Nc6 11. b5 Ne7 12. O-O Be6 13. Qb3 Qd7 14. Ba3 Bh3 15. c5 Bxg2 16. Kxg2 Ne8 17. Ra1 dxc5 18. Bxc5 Nd6 19. Ra3 Rxa3 20.
Qxa3 b6 21. Bxd6 cxd6 22. Ra1 Rc8 23. e4 d5 24. Qb3 dxe4 25. dxe4 Qb7 26. Ra6 Rd8 27. Qa3 Nc8 28. Qb3 Kh7 29.
Qc4 f5 30. Nh4 Rd4 31. Qe6 Rd6 32. Qc4 Rd4 33. Qe6 Rd6 34. Qc4 Ne7 35. f3 Rd4 36. Qe6 Qc7 37. Nd5 Qc2+ 38. Kh3 Rd2 39.
exf5 Rxh2+ 40. Kg4 Rxh4+ 41. Kxh4 Qh2+ 42. Kg4 Qh5# 0-1

[Event "Schack-SM 2022: Mastarklassen"]
[Site "Fyrishov, Idrottsgatan 2, Uppsala, Sweden"]
[Date "2022.07.06"]
[Round "5.8"]
[White "Joensson, Jacob"]
[Black "Strom-Engdahl, Alexander"]
[Result "1/2-1/2"]
[TimeControl "90 minutes for 40 moves + 30 minutes for the rest of the game + 30 seconds per move from move one."]
[WhiteFideId "1726315"]
[BlackFideId "1741586"]
[WhiteElo "1947"]
[BlackElo "2077"]

1. d4 Nf6 2. c4 e6 3. Nf3 Bb4+ 4. Bd2 Bxd2+ 5. Qxd2 b6 6. Nc3 Bb7 7. Qc2 d5 8. e3 O-O 9. Rc1 Nbd7 10.
cxd5 exd5 11. Nb5 c5 12. Nd6 Qb8 13. Nxb7 Qxb7 14. Bd3 Rac8 15. dxc5 bxc5 16. O-O g6 17. Qc3 Rb8 18. b3 Rfc8 19.
Rfd1 Qb4 20. Qxb4 Rxb4 21. Nd4 Rbb8 22. Ba6 Re8 23. Ne2 Re6 24. Bd3 Rd6 25. Nc3 Ne5 26. Be2 Rdd8 27. h3 d4 28.
exd4 cxd4 29. f4 dxc3 30. fxe5 Rxd1+ 31. Bxd1 Nd5 32. Bf3 Nb4 33. a3 Nd3 34. Rxc3 Nxe5 35. b4 Nxf3+ 36. Rxf3 Rc8 1/2-1/2

[Event "Schack-SM 2022: Mastarklassen"]
[Site "Fyrishov, Idrottsgatan 2, Uppsala, Sweden"]
[Date "2022.07.06"]
[Round "5.9"]
[White "Pettersson, Tobias"]
[Black "Carlstrom, Niklas"]
[Result "1-0"]
[TimeControl "90 minutes for 40 moves + 30 minutes for the rest of the game + 30 seconds per move from move one."]
[WhiteFideId "1705962"]
[BlackFideId "1704648"]
[WhiteElo "2027"]
[BlackElo "2125"]

1. d4 e6 2. Nf3 f5 3. c4 Nf6 4. g3 Be7 5. Bg2 O-O 6. O-O d6 7. Nc3 Ne4 8. Qc2 Nxc3 9. bxc3 Nc6 10.
e4 e5 11. Ba3 f4 12. c5 Kh8 13. Rab1 Qe8 14. cxd6 cxd6 15. dxe5 dxe5 16. Bxe7 Qxe7 17. Nh4 g6 18. h3 Be6 19.
Rfd1 fxg3 20. fxg3 Qc5+ 21. Kh2 b6 22. Qd2 Rad8 23. Nxg6+ Kg8 24. Qg5 1-0

[Event "Schack-SM 2022: Mastarklassen"]
[Site "Fyrishov, Idrottsgatan 2, Uppsala, Sweden"]
[Date "2022.07.06"]
[Round "5.1"]
[White "Lind, Jan-Olov"]
[Black "Johnson, Daniel"]
[Result "1/2-1/2"]
[TimeControl "90 minutes for 40 moves + 30 minutes for the rest of the game + 30 seconds per move from move one."]
[WhiteFideId "1701193"]
[BlackFideId "1721283"]
[WhiteElo "2173"]
[BlackElo "2191"]

1. e4 e5 2. Nf3 Nc6 3. d4 exd4 4. c3 d5 5. exd5 Qxd5 6. cxd4 Bg4 7. Be2 Bb4+ 8. Nc3 Bxf3 9. Bxf3 Qc4 10.
Qb3 Qxb3 11. axb3 Nge7 12. O-O O-O-O 13. Be3 Rhe8 14. Rfd1 a6 15. g3 Kb8 16. Kf1 Rd7 17. Ra4 Red8 18.
Rda1 a5 19. Na2 Nd5 20. Bxd5 Rxd5 21. Nxb4 Nxb4 22. Rxa5 Rxa5 23. Rxa5 Nc6 24. Rh5 h6 25. Rf5 f6 26. Rf4 Rd5 27.
Re4 Kc8 28. Re8+ Rd8 29. Rxd8+ 1/2-1/2

[Event "Schack-SM 2022: Mastarklassen"]
[Site "Fyrishov, Idrottsgatan 2, Uppsala, Sweden"]
[Date "2022.07.06"]
[Round "5.2"]
[White "Crevatin, Leo"]
[Black "Eriksson, Dan"]
[Result "1/2-1/2"]
[TimeControl "90 minutes for 40 moves + 30 minutes for the rest of the game + 30 seconds per move from move one."]
[WhiteTitle "CM"]
[WhiteFideId "1726307"]
[BlackFideId "1710095"]
[WhiteElo "2259"]
[BlackElo "2246"]

1. d4 d5 2. c4 dxc4 3. Nf3 Nf6 4. e3 e6 5. Bxc4 a6 6. O-O c5 7. Qe2 b5 8. Bd3 Bb7 9. dxc5 b4 10.
a3 Bxc5 11. axb4 Bxb4 12. Rd1 Qb6 13. Nbd2 O-O 14. Nc4 Qc5 15. e4 Qh5 16. Bd2 Bxd2 17. Rxd2 Rd8 18. Na5 Bc8 19. e5 Nd5 20.
Ra4 g5 21. h4 Bd7 22. Rd4 Nf4 23. Qe4 Nc6 24. Nxc6 Bxc6 25. Rxd8+ Rxd8 26. Qxh7+ Kf8 27. Qxh5 Nxh5 28. Bxa6 Ra8 29.
Be2 Nf4 30. hxg5 Kg7 31. Nh4 Rh8 32. Bf3 Bb5 33. g3 Nh3+ 34. Kg2 Nxg5 35. Rd4 Rc8 36. Bd1 Rc1 37. f3 Rb1 38. Rd2 f6 39.
exf6+ Kxf6 40. Be2 Bc6 41. Bd3 Re1 42. Kf2 Rh1 43. Bf1 Nxf3 44. Nxf3 Bxf3 45. Kxf3 Rxf1+ 46. Rf2 Re1 47. g4 Kg5 48.
Rg2 e5 49. Re2 Rxe2 50. Kxe2 Kxg4 51. b4 Kf5 52. b5 Ke6 53. Ke3 Kd5 54. b6 Kc6 55. Ke4 Kxb6 56. Kxe5 1/2-1/2

[Event "Schack-SM 2022: Mastarklassen"]
[Site "Fyrishov, Idrottsgatan 2, Uppsala, Sweden"]
[Date "2022.07.06"]
[Round "5.3"]
[White "Eriksson, Jorgen"]
[Black "Jogstad, Daniel"]
[Result "1/2-1/2"]
[TimeControl "90 minutes for 40 moves + 30 minutes for the rest of the game + 30 seconds per move from move one."]
[BlackTitle "CM"]
[WhiteFideId "1701967"]
[BlackFideId "1718959"]
[WhiteElo "2200"]
[BlackElo "2057"]

1. d4 Nf6 2. Bg5 Ne4 3. Bf4 c5 4. f3 Qa5+ 5. c3 Nf6 6. Nd2 cxd4 7. Nb3 Qb6 8. Qxd4 Nc6 9. Qxb6 axb6 10.
Nd4 e5 11. Nxc6 dxc6 12. Bxe5 Nd7 13. Bd4 Nc5 14. Bxc5 bxc5 15. e4 Be6 16. a3 b5 17. Nh3 Bd6 18. Be2 Ke7 19. O-O b4 20.
f4 f6 21. axb4 cxb4 22. cxb4 Bxh3 23. gxh3 Bxf4 24. Rxa8 Be3+ 25. Kg2 Rxa8 26. Rf3 Bd4 27. Ra3 Rb8 28. Rb3 Kd6 29. Bc4 Be5 30.
Rd3+ Kc7 31. Rb3 Kb6 32. Kf3 Bxh2 33. Rd3 Kc7 34. b5 cxb5 35. Be6 Bd6 36. Rc3+ Kb6 37. Rd3 Rd8 38. b3 Kc5 39.
Rc3+ Kb4 40. Rd3 Ka5 41. Rd1 Kb6 42. Rd3 b4 43. Rd2 Kc6 44. Ra2 Be5 45. Bd5+ Kc5 46. Ra8 Rd7 47. Rc8+ Bc7 48.
Rf8 Kd4 49. Rf7 Rxf7 50. Bxf7 g5 51. Bg8 h6 52. Bf7 Be5 53. Bg8 h5 54. Bf7 g4+ 55. hxg4 h4 56. Kg2 Kxe4 57. Kh3 Bg3 58.
Bg8 Kf4 1/2-1/2

[Event "Schack-SM 2022: Mastarklassen"]
[Site "Fyrishov, Idrottsgatan 2, Uppsala, Sweden"]
[Date "2022.07.06"]
[Round "5.4"]
[White "Tiger-Norqvist, Axel"]
[Black "Malmstig, Erik"]
[Result "0-1"]
[TimeControl "90 minutes for 40 moves + 30 minutes for the rest of the game + 30 seconds per move from move one."]
[BlackTitle "FM"]
[WhiteFideId "1716816"]
[BlackFideId "1702866"]
[WhiteElo "2239"]
[BlackElo "2204"]

1. e4 c5 2. Nf3 e6 3. d4 cxd4 4. Nxd4 a6 5. c4 Nf6 6. Nc3 Qc7 7. a3 Nc6 8. Be3 d6 9. Be2 Be7 10.
O-O O-O 11. Rc1 Ne5 12. f3 b6 13. b4 Bb7 14. Na4 Ned7 15. Qd2 Rac8 16. Kh1 Qb8 17. Nb3 Bc6 18. Nc3 Bb7 19. Bg1 Rfe8 20.
Qe3 h6 21. Qd4 Bd8 22. Rfd1 Bc7 23. Qf2 Qa8 24. Qf1 Rcd8 25. Na4 Bc6 26. Nb2 Bb8 27. c5 bxc5 28. bxc5 d5 29. Nd4 Bf4 30.
Rc2 Nb8 31. Nxc6 Qxc6 32. Nd3 Bc7 33. Nb4 Qa4 34. exd5 Nxd5 35. Nxd5 Rxd5 36. Rdc1 Qxa3 37. Bc4 Rh5 38. g4 Rg5 39.
Bd4 Nc6 40. Ra2 Qb4 41. Rb1 Qxb1 42. Qxb1 Nxd4 43. Qe4 Rd8 44. Bxa6 Re5 45. Qb7 Rxc5 46. Bd3 g6 47. Ra8 Rxa8 48.
Qxa8+ Kg7 49. Qa7 Rc1+ 50. Kg2 Be5 51. f4 Bf6 52. Qa5 Nc6 53. Qd2 Rc5 54. Be4 Nd4 55. h4 Kg8 56. g5 hxg5 57.
hxg5 Bg7 58. Qb4 Rb5 59. Qc3 Nf5 60. Qc8+ Bf8 61. Bxf5 Rxf5 62. Kg3 Kg7 63. Qd8 Bc5 64. Qc7 Rd5 65.
Kg4 Bd6 66. Qd8 Be5 67. Qb6 Rd4 68. Qc5 Rxf4+ 69. Kh3 Rf5 70. Qe3 Bf4 71. Qc3+ e5 72. Qc6 Rxg5 73. Kh4 Rf5 74. Kg4 Bg5 75.
Qd7 Bf6 76. Qe8 Rf4+ 77. Kg3 Rc4 78. Qb5 Rf4 79. Qe8 g5 80. Qd7 e4 81. Qd5 e3 0-1

[Event "Schack-SM 2022: Mastarklassen"]
[Site "Fyrishov, Idrottsgatan 2, Uppsala, Sweden"]
[Date "2022.07.06"]
[Round "5.5"]
[White "Hammarstrom, Ulf"]
[Black "Mardell, Jimmy"]
[Result "0-1"]
[TimeControl "90 minutes for 40 moves + 30 minutes for the rest of the game + 30 seconds per move from move one."]
[WhiteFideId "1710214"]
[BlackFideId "1705610"]
[WhiteElo "2233"]
[BlackElo "2161"]

1. e4 c5 2. c3 d5 3. exd5 Qxd5 4. d4 Nc6 5. Nf3 cxd4 6. cxd4 e5 7. Nc3 Bb4 8. Be2 Nxd4 9. Bd2 Qd6 10.
Nxd4 Qxd4 11. O-O Bd7 12. Qb3 Nf6 13. Be3 Qd6 14. Nb5 Bxb5 15. Bxb5+ Kf8 16. Rac1 Kg8 17. Rfd1 Qe7 18. Bg5 Bd6 19.
Qd3 Rd8 20. Qc4 h6 21. Bxf6 Qxf6 22. Rd3 a6 23. Ba4 b5 24. Qc6 e4 25. Rd5 bxa4 26. Rcd1 Bxh2+ 27. Kxh2 Qxc6 28. Rxd8+ Kh7 0-1

[Event "Schack-SM 2022: Mastarklassen"]
[Site "Fyrishov, Idrottsgatan 2, Uppsala, Sweden"]
[Date "2022.07.06"]
[Round "5.6"]
[White "Johansson, Thomas"]
[Black "Sundin, Emanuel"]
[Result "1/2-1/2"]
[TimeControl "90 minutes for 40 moves + 30 minutes for the rest of the game + 30 seconds per move from move one."]
[WhiteFideId "1708244"]
[BlackFideId "1719173"]
[WhiteElo "2231"]
[BlackElo "2160"]

1. d4 d5 2. Bf4 c5 3. e3 Nc6 4. c3 Qb6 5. Qb3 c4 6. Qc2 e5 7. dxe5 Bf5 8. Qc1 g5 9. Bg3 h5 10.
h4 g4 11. Ne2 Bg7 12. Nd4 Nge7 13. Nd2 Bxe5 14. e4 Bxg3 15. fxg3 Nxd4 16. cxd4 Qxd4 17. Qc3 Qxc3 18. bxc3 Bxe4 19.
Bxc4 Bxg2 20. Bb5+ Nc6 21. Rh2 Be4 22. Nxe4 dxe4 23. Rf2 Rh6 24. Rd1 Ke7 25. Rf4 Re6 26. Bc4 Rf6 27. Rxe4+ Kf8 28.
Rd7 Rc8 29. Be2 Nd8 30. Rd5 Rh6 31. Ree5 Ne6 1/2-1/2

[Event "Schack-SM 2022: Mastarklassen"]
[Site "Fyrishov, Idrottsgatan 2, Uppsala, Sweden"]
[Date "2022.07.06"]
[Round "5.7"]
[White "Lundberg, David"]
[Black "Landgren, Andreas"]
[Result "0-1"]
[TimeControl "90 minutes for 40 moves + 30 minutes for the rest of the game + 30 seconds per move from move one."]
[BlackTitle "FM"]
[WhiteFideId "1707051"]
[BlackFideId "1704311"]
[WhiteElo "2219"]
[BlackElo "2224"]

1. d4 Nf6 2. c4 e6 3. Nc3 Bb4 4. e3 O-O 5. Nge2 Re8 6. a3 Bf8 7. d5 a5 8. g3 Na6 9. Bg2 Nc5 10.
b3 exd5 11. cxd5 b6 12. O-O Ba6 13. h3 g6 14. Ra2 Nd3 15. Bd2 Rc8 16. Qb1 c6 17. Rd1 c5 18. Nf4 Nxf4 19. gxf4 Nh5 20.
Bc1 d6 21. Ne4 h6 22. a4 f5 23. Nd2 Bg7 24. Nc4 Nf6 25. Bb2 Ne4 26. Bxg7 Kxg7 27. Qa1+ Kf7 28. f3 Nf6 29. Re2 Nh5 30.
Qc1 Nxf4 31. Rf2 Nxg2 32. Rxg2 Bxc4 33. bxc4 Qh4 34. Kh2 Qe7 35. Rd3 Qd7 36. Qc2 Re5 37. Ra3 Rce8 38. Qd2 Qe7 39.
Re2 Qh4 40. Rb3 f4 41. e4 Qg3+ 42. Kh1 Qxh3+ 43. Kg1 Rg5+ 44. Rg2 Rxg2+ 45. Qxg2 Qxg2+ 46. Kxg2 Rb8 47. Kh3 h5 48. Rb1 Kf6 49.
Rb2 g5 50. Rg2 Rg8 51. Rb2 g4+ 52. Kg2 Rb8 53. Rb1 g3 54. Rh1 Rh8 55. Rb1 h4 56. Kh3 Rg8 57. Rg1 Ke5 58. Kxh4 Kd4 59.
Kh3 Kxc4 60. Kg2 Kd3 61. Rb1 Rb8 62. e5 dxe5 63. d6 c4 64. d7 Rd8 65. Rd1+ Kc2 66. Rd6 c3 67. Kg1 Kb3 68.
Rxb6+ Kxa4 0-1

[Event "Schack-SM 2022: Mastarklassen"]
[Site "Fyrishov, Idrottsgatan 2, Uppsala, Sweden"]
[Date "2022.07.05"]
[Round "4.2"]
[White "Carlstrom, Niklas"]
[Black "Crevatin, Leo"]
[Result "0-1"]
[TimeControl "90 minutes for 40 moves + 30 minutes for the rest of the game + 30 seconds per move from move one."]
[BlackTitle "CM"]
[WhiteFideId "1704648"]
[BlackFideId "1726307"]
[WhiteElo "2125"]
[BlackElo "2259"]

1. e4 c6 2. Nc3 d5 3. Nf3 Bg4 4. h3 Bxf3 5. Qxf3 e6 6. d4 Nf6 7. exd5 cxd5 8. Bd3 Nc6 9. Ne2 Bd6 10.
Bg5 Be7 11. c3 h6 12. Bh4 a6 13. Qe3 Nh5 14. Bxe7 Qxe7 15. f4 f5 16. g4 Nf6 17. Ng3 g6 18. O-O-O O-O-O 19. Kb1 Kb8 20.
Rhe1 Ne4 21. Nxe4 fxe4 22. Bxe4 dxe4 23. Qxe4 Qf6 24. Qxe6 Qxf4 25. Qxg6 Rd6 26. Qg7 Rhd8 27. Qh7 Qh2 28.
Qd3 Rf6 29. Re2 Qd6 30. Rde1 Qd5 31. Qg3+ Ka7 32. Rf2 Rdf8 33. Rxf6 Rxf6 34. Qe3 Rf3 35. Qxh6 Qb5 36. Qe6 Qd3+ 37.
Kc1 Rf2 38. Qb3 Qd2+ 0-1

[Event "Schack-SM 2022: Mastarklassen"]
[Site "Fyrishov, Idrottsgatan 2, Uppsala, Sweden"]
[Date "2022.07.05"]
[Round "4.3"]
[White "Eriksson, Dan"]
[Black "Lundberg, David"]
[Result "1-0"]
[TimeControl "90 minutes for 40 moves + 30 minutes for the rest of the game + 30 seconds per move from move one."]
[WhiteFideId "1710095"]
[BlackFideId "1707051"]
[WhiteElo "2246"]
[BlackElo "2219"]

1. e4 e5 2. Nf3 Nc6 3. d4 exd4 4. Nxd4 Nf6 5. Nxc6 bxc6 6. e5 Qe7 7. Qe2 Nd5 8. c4 Nb6 9. Nc3 Ba6 10.
b3 O-O-O 11. Bb2 Re8 12. f4 f6 13. Ne4 d5 14. Nd2 dxc4 15. Qe4 fxe5 16. fxe5 Qe6 17. Be2 Kb7 18. O-O Bc5+ 19.
Kh1 Qd5 20. Qc2 Bd4 21. Bxd4 Qxd4 22. Nf3 Qc5 23. bxc4 h6 24. Qg6 Re7 25. Rad1 Rf8 26. Rfe1 Rf4 27. g3 Rf8 28. Qe4 Rfe8 29.
Bf1 Kb8 30. Nd4 Bb7 31. e6 Ka8 32. Bg2 a5 33. Rb1 Qxc4 34. Rb5 Qa4 35. Rc5 Qb4 36. Rec1 a4 37. a3 Rxe6 38. Qxe6 1-0

[Event "Schack-SM 2022: Mastarklassen"]
[Site "Fyrishov, Idrottsgatan 2, Uppsala, Sweden"]
[Date "2022.07.05"]
[Round "4.4"]
[White "Jogstad, Daniel"]
[Black "Hammarstrom, Ulf"]
[Result "1-0"]
[TimeControl "90 minutes for 40 moves + 30 minutes for the rest of the game + 30 seconds per move from move one."]
[WhiteTitle "CM"]
[WhiteFideId "1718959"]
[BlackFideId "1710214"]
[WhiteElo "2057"]
[BlackElo "2233"]

1. e4 e5 2. Nf3 Nc6 3. Bc4 Nf6 4. d3 Bc5 5. c3 O-O 6. O-O d5 7. exd5 Nxd5 8. Nbd2 Nb6 9. Bb3 Qxd3 10.
Bc2 Qd8 11. Qe2 Bd6 12. Ne4 Bg4 13. Neg5 g6 14. h3 Bxf3 15. Qxf3 Qe7 16. Re1 Kg7 17. Qg3 h6 18. Ne4 f5 19.
Nxd6 cxd6 20. a4 Rae8 21. a5 Nd7 22. a6 b6 23. b4 e4 24. c4 Kh7 25. Ba3 Nd4 26. Ba4 Rd8 27. Rad1 Qe5 28.
Qe3 Ne6 29. Rd5 f4 30. Qxe4 Qxe4 31. Rxe4 Ng7 32. Rxd6 Nf6 33. Rxd8 Rxd8 34. Re7 Nfh5 35. Rxa7 Rd2 36. Rd7 Ra2 37.
a7 Re2 38. Rd1 1-0